 Dungeon Crawl Stone Soup version 0.29-a0-207-gf982a884d8 (webtiles) character file.

Game seed: 14646110933032758580

43 ReploidZero the Shield-Bearer (level 3, -1/20 HPs)
             Began as a Vine Stalker Fighter on Feb 23, 2022.
             Succumbed to a goblin's poison
             ... on level 2 of the Dungeon.
             The game lasted 00:01:47 (1421 turns).

ReploidZero the Shield-Bearer (VSFi)                Turns: 1421, Time: 00:01:47

Health: -1/20      AC:  6    Str: 20    XL:     3   Next: 58%
Magic:  2/4        EV:  9    Int:  8    God:
Gold:   83         SH:  4    Dex: 13    Spells: 2/2 levels left

rFire   . . .      SeeInvis .   a - +1 long sword
rCold   . . .      Faith    .   c - +0 buckler
rNeg    . . .      Spirit   +   b - +0 scale mail
rPois   .          Reflect  .   (no helmet)
rElec   .          Harm     .   (no cloak)
rCorr   .          Rampage  .   (no gloves)
Will    .....                   (no boots)
Stlth   ..........              (no amulet)
HPRegen 0.06/turn               (no ring)
MPRegen 0.09/turn               (no ring)

@: mighty, lethally poisoned (-1 -> -9)
A: fangs 2, magic shield, antimagic bite, no potion heal 2
a: no special abilities


You were on level 2 of the Dungeon.
You visited 1 branch of the dungeon, and saw 2 of its levels.

You collected 83 gold pieces.

Inventory:

Hand Weapons
 a - a +1 long sword (weapon)
Armour
 b - a +0 scale mail (worn)
 c - a +0 buckler (worn)
Scrolls
 g - a scroll of noise
Potions
 d - a potion of might
 e - a potion of curing {unknown}


   Skills:
 + Level 3.0 Fighting
 + Level 2.3 Long Blades
 + Level 2.8 Armour
 + Level 3.1 Shields


You had 2 spell levels left.
You didn't know any spells.
Your spell library was empty.

Dungeon Overview and Level Annotations

Branches:
Dungeon (2/15)

Altars:

Annotations:
D:2 Robin


Innate Abilities, Weirdness & Mutations

You have extremely sharp teeth.
When hurt, damage is shared between your health and your magic reserves.
Your bite disrupts and absorbs the magic of your enemies.
Potions cannot restore your health.


Message History

The goblin hits you with a +0 club.
You closely miss the goblin.
The goblin no longer looks unusually strong.
The goblin hits you with a +0 club.
You are too injured to fight recklessly!
You are too injured to fight recklessly!
You are too injured to fight recklessly!
Unknown command.
You slash the goblin!
You kill the goblin!
The hobgoblin closely misses you.
You barely miss the hobgoblin. You bite the hobgoblin.
You kill the hobgoblin!
You closely miss the hobgoblin. You bite the hobgoblin.
You kill the hobgoblin!
You miss the goblin. Your bite misses the goblin.
Robin roars a battlecry!
The goblins go into a battle-frenzy!
The goblin barely misses you. Robin throws the goblin at you!
You slash the goblin!
You kill the goblin!
You block the goblin's attack.
You slash the hobgoblin!
You kill the hobgoblin!
The goblin hits you with a +0 dagger.
* * * LOW HITPOINT WARNING * * *
You slash the goblin!
You kill the goblin!
The goblin hits you but does no damage. The goblin closely misses you.
You hit the goblin. You bite the goblin.
You kill the goblin!
The goblin hits you but does no damage.
You are lethally poisoned!
You slash the goblin!
You kill the goblin!
* * * LOW HITPOINT WARNING * * *
You feel very sick.
You hit Robin.
Robin is moderately wounded.
You die...

# # # ######
#########################.#..#
......†....gg@).............>#
....####)#################....#
....####'### #...............
......gggg!# #........##....#
......gg...# #........##....#
...........# #...............
...........# #........##.##.#
...........# #........##..#.#
...........# ############.#..


You could see Robin and a hobgoblin (strong).

Vanquished Creatures
  2 ball pythons (D:1)
  6 endoplasms
  2 giant cockroaches (D:1)
  10 goblins
  6 hobgoblins
  3 quokkas (D:1)
  A frilled lizard (D:1)
  A kobold (D:1)
  4 rats
35 creatures vanquished.

Notes
Turn   | Place    | Note
-------+----------+-------------------------------------------
     0 | D:1      | ReploidZero the Vine Stalker Fighter began the quest for
                  | the Orb.
     0 | D:1      | Reached XP level 1. HP: 11/11 MP: 2/2
   423 | D:1      | Reached XP level 2. HP: 8/16 MP: 1/3
   860 | D:1      | Reached XP level 3. HP: 20/20 MP: 4/4
  1394 | D:2      | Noticed Robin
  1420 | D:2      | HP: 1/20 [poisoned by a goblin]
  1421 | D:2      | Succumbed to a goblin's poison

Illustrated notes

Levels and vault maps discovered:
D:1:      psy_arrival_heroes, layout_basic
D:2:      layout_basic, basic_altar, shapermc_ecumenical_altar_mp_vishouse,
          uniq_robin

Skill      XL: |  1  2 |
---------------+-------+-----
Long Blades    | 2 |  2.3
Fighting       | 3 |  3.0
Shields        | 3 |  3.1
Armour         | |  2.8

Action                   || total
-------------------------++-------
Melee: Long sword        ||    71
       Bite              ||    18
  Use: Scroll            ||     3
       Potion            ||     1
Armor: Scale mail        ||    25
Dodge: Dodged            ||    34
Block: Buckler           ||    14

Table legend: (Time is in decaauts)
 A = Elapsed time spent in this place.
 B = Non-inter-level travel time spent in this place.
 C = Inter-level travel time spent in this place.
 D = Time resting spent in this place.
 E = Time spent auto-exploring this place.
 F = Levels seen in this place.
 G = Mean time per level.
                   A        B        C        D        E       F      G
               +--------+--------+--------+--------+--------+-----+--------+
         Total |   1444 |   1414 |     30 |      0 |   1223 |   2 |  722.0 |
       Dungeon |   1444 |   1414 |     30 |      0 |   1223 |   2 |  722.0 |
               +--------+--------+--------+--------+--------+-----+--------+

Top non-repeatable levels by time:
     D:1: 1249 daAuts
     D:2: 194 daAuts
